 Dungeon Crawl Stone Soup version 0.27-a0-460-g297a19dbdb (webtiles) character file.

Game seed: 9083400586304413824

176 Dani the Shield-Bearer (level 5, -1/36 HPs)
             Began as an Octopode Fighter on Mar 1, 2021.
             Was an Initiate of Gozag.
             Slain by an orc priest
             ... wielding a +0 dagger
              (3 damage)
             ... on level 3 of the Dungeon.
             The game lasted 00:07:45 (3269 turns).

Dani the Shield-Bearer (Octopode Fighter)           Turns: 3269, Time: 00:07:46

Health: -1/36      AC:  1    Str: 16    XL:     5   Next: 56%
Magic:  5/5        EV: 11    Int: 11    God:    Gozag
Gold:   232        SH:  9    Dex: 11    Spells: 4/4 levels left

rFire    . . .     SeeInvis .   a - +1 dagger (drain)
rCold    . . .     Faith    .   h - +0 kite shield
rNeg     . . .     Spirit   .   (helmet restricted)
rPois    .         Reflect  .   (no amulet)
rElec    .         Harm     .   (no ring)
rCorr    .         Rampage  .   (no ring)
Will     .....                  (no ring)
Stlth    +++.......             (no ring)
HPRegen  0.12/turn              (no ring)
MPRegen  0.09/turn              (no ring)
                                (no ring)
                                (no ring)

@: invisible
A: almost no armour, stealthy swim, amphibious, 8 rings, constrict 8, camouflage
1, gelatinous body 1
a: Renounce Religion, Potion Petition, Call Merchant, Bribe Branch


You were on level 3 of the Dungeon.
You worshipped Gozag.
Gozag was aware of your devotion.
You visited 1 branch of the dungeon, and saw 3 of its levels.

You collected 259 gold pieces.
You paid 27 gold pieces to Gozag.

Inventory:

Hand Weapons
 a - a +1 dagger of draining (weapon)
 b - a +2 hand axe of freezing
 l - a +0 spear
 o - a +0 morningstar
 s - a +0 flail
Armour
 h - a +0 kite shield (worn)
Wands
 n - a wand of flame (10)
 r - a wand of digging (1)
Scrolls
 d - 4 scrolls of identify {unknown}
 e - 2 scrolls of enchant weapon {unknown}
 f - 4 scrolls of teleportation {unknown}
 i - a scroll of random uselessness {unknown}
 k - a scroll of magic mapping {unknown}
Potions
 c - 3 potions of might
 g - a potion of lignification {unknown}
 j - a potion of resistance {unknown}
 m - a potion of brilliance {unknown}
 p - a potion of haste {unknown}
 q - a potion of heal wounds {unknown}
 t - a potion of flight {unknown}
 u - a potion of invisibility


   Skills:
 - Level 3.0 Fighting
 + Level 2.0 Short Blades
 + Level 1.2(2.2) Axes
 - Level 3.0(3.1) Maces & Flails
 - Level 3.0 Dodging
 + Level 3.7 Stealth
 + Level 3.9 Shields


You had 4 spell levels left.
You didn't know any spells.
Your spell library was empty.

Dungeon Overview and Level Annotations

Branches:
Dungeon (3/15)

Altars:
Gozag
Xom
Zin

Annotations:
D:3 Natasha


Innate Abilities, Weirdness & Mutations

You cannot wear most types of armour.
You are very stealthy in the water. (Stealth+)
You are amphibious.
You can wear up to eight rings at the same time.
You can use your tentacles to constrict eight enemies at once.
Your skin changes colour to match your surroundings (Stealth+).
Your rubbery body absorbs attacks. (AC +1, EV +1)


Message History

You closely miss the orc. You grab the orc.
The orc is almost dead.
You constrict the orc.
You kill the orc!
Your Short Blades skill increases to level 2!
No target in view!
No target in view!
You now have 232 gold pieces (gained 6).
There is a stone staircase leading down here.
HP restored.
Done exploring.
You climb downwards.
Level annotation: Natasha
There is a stone staircase leading up here.
You see here a +0 whip.
A worm is nearby!
The orc priest shouts!
You hear an angry hiss.
The orc priest invokes the aid of Beogh against you.
Beogh smites you!
The orc priest hits you but does no damage.
You hit the orc priest. You drain the orc priest.
Your grab misses the orc priest.
The orc priest is moderately wounded.
The orc priest looks satisfied for a moment.
The orc priest hits you with a +0 dagger.
You are too injured to fight recklessly!
Natasha hisses angrily.
You hit the orc priest but do no damage.
You drain the orc priest. Your grab misses the orc priest.
Your squeeze misses the orc priest.
The orc priest is heavily wounded.
The orc priest calls down the wrath of Beogh upon you.
Beogh smites you!
* * * LOW HITPOINT WARNING * * *
It was a potion of invisibility.
You fade into invisibility!
Natasha barely misses you.
The orc priest hits you with a +0 dagger.
You die...
Your body crumbles into a pile of gold.

....###.###....###.#### ###
....##..).....>.......# #<#
....'o..#........#.#### #.#
....##.#####..........####.#
##.......# #(..............#
#.......###..#<..#######..#
.'......((....$).....# #..#
##.............ho##..# #..#
.........h##.#.#@##..# #..#
...........#.#.#.##..####..#
......#.o..#.#.#.##........#
......#....###.#.##..#####.#
......#....###)............#
.. #....#.....##))#######
#....#.###.##<.#
#....w.######).#
##+###........##


You could see an orc priest (drained) and Natasha.

Vanquished Creatures
  An orc priest (D:3)
  Natasha (D:3)
  Terence (D:2)
  2 adders (D:2)
  A worm (D:2)
  A dart slug (D:2)
  2 leopard geckos
  6 orcs
  A ball python (D:1)
  6 bats
  7 giant cockroaches
  6 goblins
  13 hobgoblins
  5 kobolds
  A quokka (D:3)
  6 frilled lizards
  7 rats
67 creatures vanquished.

Vanquished Creatures (others)
  A bat (D:3)
  A rat (D:3)
2 creatures vanquished.

Grand Total: 69 creatures vanquished

Notes
Turn   | Place    | Note
-------+----------+-------------------------------------------
     0 | D:1      | Dani the Octopode Fighter began the quest for the Orb.
     0 | D:1      | Reached XP level 1. HP: 16/16 MP: 1/1
   249 | D:1      | Reached skill level 1 in Stealth
   249 | D:1      | Reached XP level 2. HP: 19/21 MP: 2/2
   508 | D:1      | Reached XP level 3. HP: 26/26 MP: 3/3
  1426 | D:2      | Noticed Terence
  1431 | D:2      | Killed Terence
  1432 | D:2      | Reached skill level 1 in Short Blades
  1432 | D:2      | Reached XP level 4. HP: 31/31 MP: 4/4
  1566 | D:2      | Found a faded altar of an unknown god.
  1579 | D:2      | Found a shimmering altar of Xom.
  1645 | D:2      | Found an opulent altar of Gozag.
  1674 | D:2      | Found a glowing silver altar of Zin.
  1695 | D:2      | Became a worshipper of Gozag Ym Sagoz the Greedy
  2141 | D:3      | Noticed Natasha
  2543 | D:3      | Killed Natasha
  2544 | D:3      | Reached XP level 5. HP: 20/36 MP: 5/5
  2946 | D:3      | Reached skill level 1 in Axes
  3111 | D:3      | Noticed Natasha
  3269 | D:3      | Slain by an orc priest

Illustrated notes

Levels and vault maps discovered:
D:1:      kennysheep_arrival_seaside, layout_loops_cross, minmay_cupped
D:2:      layout_loops_cross, pdpol_temple_overflow_zin_treasury_gozag_greed,
          lemuel_doored_altar, chequers_ecumenical_altar_simple, uniq_terence
D:3:      layout_basic, fiery_altar_vehumet, uniq_natasha

Skill      XL: |  1  2  3  4  5 |
---------------+----------------+-----
Stealth        | 1 2 3 |  3.7
Short Blades   | 1 2 |  2.0
Maces & Flails | 3 |  3.0
Axes           | 1 |  1.2
Fighting       | |  3.0
Dodging        | |  3.0
Shields        | |  3.9

Action                   |  1- 3 |  4- 6 || total
-------------------------+-------+-------++-------
Melee: Flail             |    28 |       ||    28
       Constrict         |    14 |    18 ||    32
       Tentacles         |    12 |    17 ||    29
       Dagger            |    24 |    54 ||    78
       Hand axe          |       |    10 ||    10
Throw: Dart              |       |     9 ||     9
Evoke: Wand              |       |     1 ||     1
  Use: Potion            |       |     1 ||     1
 Stab: Sleeping          |     4 |     4 ||     8
Armor: Skin              |     4 |     4 ||     8
Dodge: Dodged            |    16 |    22 ||    38
Block: Kite shield       |    11 |    25 ||    36

Table legend: (Time is in decaauts)
 A = Elapsed time spent in this place.
 B = Non-inter-level travel time spent in this place.
 C = Inter-level travel time spent in this place.
 D = Time resting spent in this place.
 E = Time spent auto-exploring this place.
 F = Levels seen in this place.
 G = Mean time per level.
                   A        B        C        D        E       F      G
               +--------+--------+--------+--------+--------+-----+--------+
         Total |   3315 |   2991 |    324 |    183 |   2133 |   3 | 1105.0 |
       Dungeon |   3315 |   2991 |    324 |    183 |   2133 |   3 | 1105.0 |
               +--------+--------+--------+--------+--------+-----+--------+

Top non-repeatable levels by time:
     D:2: 1614 daAuts
     D:1: 1035 daAuts
     D:3: 665 daAuts
